Description

4-Gate Glaive by harstem using partings opener in the first two minutes of the game, measurably increases the effectiveness of the overall build by 10 seconds for practically free.

VOD

https://www.youtube.com/watch?v=firKQHSxag8

Replay - Harstem 4 Gate Glaive with Parting Opener

Build Order

Get SALT Encoding   

  12  0:00  Probe  
  13  0:12  Probe  
  14  0:17  Pylon  
  14  0:27  Probe  
  15  0:35  Gateway  
  15  0:39  Probe (Chrono Boost)  
  16  0:48  Probe (Chrono Boost)  
  17  0:53  Probe (Chrono Boost)  
  18  1:13  Nexus  
  18  1:20  Assimilator  
  18  1:29  Cybernetics Core  
  18  1:31  Probe  
  19  1:38  Pylon  
  19  1:43  Probe  
  19  1:46  Assimilator  
  20  1:55  Probe  
  21  2:05  Warp Gate  
  21  2:06  Probe  
  22  2:10  Adept (Chrono Boost)  
  27  2:31  Stalker  
  31  2:41  Twilight Council  
  33  2:55  Gateway  
  35  3:04  Robotics Facility  
  36  3:12  Adept  
  38  3:20  Gateway x2  
  40  3:30  Pylon  
  42  3:43  Pylon  
  42  3:45  Resonating Glaives  
  43  3:52  Warp Prism (Chrono Boost)  
  43  3:53  Adept x2  
  46  4:01  Pylon  
  50  4:15  Adept x4  
  61  4:38  Adept x2  
Spawning Tool Build Advisor. Get it on Overwolf

Go to:

Details

  • Created by: SpaceMarine
  • Published on: Mar 01, 2021
  • Modified on: Mar 22, 2021
  • Patch: 4.11.0
  • Difficulty: Medium
Show
View Real Time Build Order
Export as new Build Order

Comments (1)

On March 6, 2021, 8:22 a.m., Leckatall  said:

You forgot to include buying glaives

Create an account to comment!